Map: Colonisation EC

Players

zidar

  • Race: Zerg Zerg
  • League: Silver
  • Spawn Location: 5:00

AyeYoSyn - Winner!

  • Race: Zerg Zerg
  • League: Bronze
  • Spawn Location: 7:00

VOD

Have the link to the VOD?

Description

Time

  • Played on: April 27, 2016, 8:06 a.m.
  • Length: 4:17
Show
View Real Time Build Order
Export as new Build Order

zidar Zerg 

Build Orders: Pool First 

Get SALT Encoding   

  12  0:02  Drone  
  13  0:12  Overlord  
  13  0:17  Drone  
  14  0:31  Drone x2  
  14  0:34  Drone  
  17  0:48  Spawning Pool  
  16  0:51  Drone  
  17  1:14  Hatchery  
  17  1:16  Drone  
  17  1:21  Extractor  
  17  1:22  Drone  
  17  1:34  Overlord, Drone  
  18  1:45  Queen  
  20  1:52  Drone  
  21  2:07  Zergling x4  
  23  2:22  Drone  
  24  2:28  Extractor  
  23  2:32  Pneumatized Carapace  
  23  2:35  Drone x3  
  26  2:37  Queen  
  27  3:00  Drone x7  
  34  3:09  Roach Warren  
  28  3:51  Zergling x2  
  28  3:52  Zergling x16  
Show
View Real Time Build Order
Export as new Build Order

AyeYoSyn Zerg - Winner!

Build Orders: Pool First 

Get SALT Encoding   

  12  0:04  Drone  
  13  0:12  Overlord  
  13  0:18  Drone  
  14  0:34  Drone  
  14  0:35  Drone  
  16  0:40  Drone  
  17  0:48  Spawning Pool  
  16  0:52  Drone  
  17  1:02  Extractor  
  16  1:04  Drone  
  17  1:23  Hatchery  
  16  1:30  Overlord  
  16  1:42  Drone  
  16  1:44  Drone  
  18  1:52  Queen  
  20  2:02  Zergling x4  
  20  2:06  Metabolic Boost  
  22  2:20  Zergling x4  
  24  2:28  Queen  
  26  2:57  Zergling x2  
  27  2:58  Zergling x2  
  27  2:59  Overlord, Zergling x2  
  27  3:00  Zergling x4  
  27  3:01  Zergling x2  
  27  3:02  Zergling x4  
  34  3:18  Zergling x4  
  35  3:22  Zergling x2  
  35  3:23  Zergling x2  
  37  3:34  Zergling x4  
  38  3:40  Overlord  
  39  3:41  Zergling x2  
  39  3:42  Zergling x8  
Tags
 
Add a new tag
Caveats
  • Supply blocks, unpowered buildings, or Contaminate may cause inaccurate times.
  • Supply counts are checked every 10 seconds.